[Event "Early-Titled-Tuesday-Blitz-March-26-2024"]
[Site "Chess.com"]
[Date "2024.03.26"]
[Round "5"]
[White "vladgoncharov"]
[Black "PapaieDudu"]
[Result "1-0"]
[WhiteElo "2613"]
[BlackElo "2447"]
[TimeControl "180+1"]
[EndTime "8:54:01 PDT"]
[Termination "vladgoncharov won by checkmate"]

1. d4 d5 2. c4 e6 3. Nc3 Nf6 4. Bg5 dxc4 5. e3 a6 6. a4 c6 7.
Bxc4 b5 8. axb5 cxb5 9. Bxb5+ axb5 10. Rxa8 Bb7 11. Bxf6 gxf6 12. Rxb8 Qxb8 13. Nf3 b4 14. Qa4+ Kd8 15. Ne2 Rg8 16. Ng3 h5 17. Kd2 f5 18.
Rc1 f4 19. Qa5+ Ke7 20. Qc5+ Ke8 21. Qb5+ Ke7 22. Ne5 Qe8 23. Qxb7+ Kf6 24. Nxh5+ Kg5 25. Nxf4 f6 26. Nf3+ Kh6 27. Rc8 Qa4 28. Rc7 Bg7 29. Qe4 f5 30. Qxe6+ Kh7 31. Qg6+ Kh8 32. Qh5+ Bh6 33.
Qxh6# 1-0

[Event "Early-Titled-Tuesday-Blitz-March-26-2024"]
[Site "Chess.com"]
[Date "2024.03.26"]
[Round "5"]
[White "jcmesafischer"]
[Black "Better_Chess_Faster"]
[Result "0-1"]
[WhiteElo "2350"]
[BlackElo "2180"]
[TimeControl "180+1"]
[EndTime "8:54:01 PDT"]
[Termination "Better_Chess_Faster won by checkmate"]

1. e4 c6 2. Nc3 d5 3. Nf3 Nf6 4. exd5 cxd5 5. Ne5 e6 6. d4 Nbd7 7. Bd3 Nxe5 8. dxe5 Nd7 9. Qe2 g6 10. O-O Bg7 11. f4 O-O 12. Be3 b6 13. Rad1 Nc5 14. Bb5 a6 15. Bc6 Rb8 16. b4 Nd7 17. a4 Qc7 18. b5 Nc5 19. Qf2 Nd7 20. Ne2 a5 21. c4 dxc4 22. Nc3 Rd8 23. Rd2 Bb7 24. Bxb7 Rxb7 25.
Rfd1 Bf8 26. Ne4 Be7 27. Qf3 Nc5 28. Rxd8+ Bxd8 29. Nxc5 bxc5 30. Rxd8+ Qxd8 31. Qxb7 Qd1+ 32. Kf2 Qc2+ 33. Kg3 Qd3 34. Qc8+ Kg7 35. Qxc5 c3 36. b6 c2 37. b7 Qb3 38. b8=Q Qxb8 39. Qxc2 Qb4 40.
Bc5 Qe1+ 41. Kh3 h5 42. Qf2 Qe4 43. Be7 Qf5+ 44. Kg3 Qg4# 0-1

[Event "Early-Titled-Tuesday-Blitz-March-26-2024"]
[Site "Chess.com"]
[Date "2024.03.26"]
[Round "5"]
[White "AccioChess"]
[Black "PavelShkapenko"]
[Result "1-0"]
[WhiteElo "2536"]
[BlackElo "2753"]
[TimeControl "180+1"]
[EndTime "8:54:03 PDT"]
[Termination "AccioChess won by resignation"]

1. e4 e5 2. Nf3 Nc6 3. Bc4 d6 4. O-O Be7 5. Re1 Nf6 6. d4 Bg4 7. dxe5 dxe5 8. Qxd8+ Rxd8 9. Bb5 Bxf3 10. Bxc6+ bxc6 11.
gxf3 Nd7 12. Be3 Bc5 13. Nd2 Bxe3 14. Rxe3 Nc5 15. Nc4 f6 16. Ra3 Ra8 17. c3 Ke7 18. b4 Ne6 19. Ra6 c5 20. b5 Nf4 21. Rc6 Rhc8 22.
Kf1 Ne6 23. Rd1 Rd8 24. Rd5 Rac8 25. Ne3 Nf4 26. Rdxc5 Rd7 27. Nd5+ Nxd5 28. Rxd5 Rxd5 29. exd5 Kd7 30. Ra6 Rb8 31. a4 Rb7 32. c4 Kc8 33. c5 Kb8 34. Re6 a6 35. b6 cxb6 36. cxb6 Kc8 37.
Rc6+ Kd7 38. a5 h5 39. Ke2 h4 40. Ke3 h3 41. Ke4 Kd8 42. Kf5 Rd7 43. d6 Rb7 44.
Ke6 f5 45. Kxe5 Kd7 46. Rc7+ 1-0

[Event "Early-Titled-Tuesday-Blitz-March-26-2024"]
[Site "Chess.com"]
[Date "2024.03.26"]
[Round "5"]
[White "sorch29"]
[Black "babyking1205"]
[Result "0-1"]
[WhiteElo "2461"]
[BlackElo "2624"]
[TimeControl "180+1"]
[EndTime "8:54:04 PDT"]
[Termination "babyking1205 won by checkmate"]

1. c4 e5 2. g3 g6 3. Bg2 Bg7 4. Nc3 Ne7 5. d3 d6 6. e3 O-O 7. Nge2 c5 8. O-O Nbc6 9. a3 Bg4 10. h3 Be6 11. Nd5 Qd7 12. Kh2 h6 13. Rb1 Bxd5 14.
cxd5 Nd8 15. b4 b6 16. e4 f5 17. f4 Nf7 18. bxc5 bxc5 19. Bd2 Kh7 20. Qc2 Rab8 21. Qc4 exf4 22. gxf4 Qc7 23. Qa6 Rxb1 24. Rxb1 Rb8 25. Rb5 Rxb5 26. Qxb5 Qb6 27. Qe8 Qb2 28. Qxe7 Qxd2 29. Ng3 Kg8 30. Qe6 Qxf4 31. Qxg6 Ne5 32. Qe8+ Kh7 33. exf5 Bf6 34. Qb8 Bh4 35. Qxa7+ Kg8 36.
Qb8+ Kg7 37. f6+ Bxf6 38. Qc7+ Nf7 39. Qd7 Kf8 40. Qf5 Qd4 41. Qe4 Qb2 42. a4 Be5 43. Qf3 Qb4 44. h4 Qxh4+ 45. Bh3 Qxa4 46. Kg2 Qc2+ 47.
Kg1 Qc1+ 48. Nf1 Qg5+ 49. Kh1 Ke7 50. Be6 Qh4+ 51. Kg2 Ng5 52. Qg4 Qe1 53. Qf5 Qe2+ 54.
Kg1 Nf3+ 55. Kh1 Qxf1# 0-1

[Event "Early-Titled-Tuesday-Blitz-March-26-2024"]
[Site "Chess.com"]
[Date "2024.03.26"]
[Round "5"]
[White "GMT4114"]
[Black "BestestBP"]
[Result "0-1"]
[WhiteElo "1966"]
[BlackElo "2228"]
[TimeControl "180+1"]
[EndTime "8:54:04 PDT"]
[Termination "BestestBP won on time"]

1. e4 e5 2. Bc4 Nf6 3. d3 c6 4. Nf3 d5 5. Bb3 Bd6 6. Nc3 d4 7. Ne2 Bg4 8. Ng3 O-O 9. h3 Be6 10. O-O Qd7 11. Ng5 Bxb3 12. axb3 h6 13. Nf3 Kh7 14. Nf5 Re8 15. Nxd6 Qxd6 16. Nh4 g6 17. Qf3 Qe7 18. g3 Nbd7 19. Bd2 Ng8 20. Qg2 Rf8 21. Rae1 Rae8 22. Nf3 Qd6 23. Nh2 f5 24. f4 fxe4 25. Rxe4 exf4 26. Rxe8 Rxe8 27. Bxf4 Qc5 28. Nf3 Ngf6 29.
Bc1 Nd5 30. Kh2 N7f6 31. Nh4 Qd6 32. Bf4 Nxf4 33. Rxf4 g5 0-1

[Event "Early-Titled-Tuesday-Blitz-March-26-2024"]
[Site "Chess.com"]
[Date "2024.03.26"]
[Round "5"]
[White "Matibar"]
[Black "FGHSMN"]
[Result "0-1"]
[WhiteElo "2732"]
[BlackElo "2964"]
[TimeControl "180+1"]
[EndTime "8:54:05 PDT"]
[Termination "FGHSMN won by resignation"]

1. e4 e5 2. Nf3 Nc6 3. Bb5 Nge7 4. Nc3 Ng6 5. d3 Bc5 6. Be3 Bxe3 7. fxe3 O-O 8. O-O d6 9. Qe1 Kh8 10. d4 Nce7 11. Rd1 c6 12. Bd3 b5 13. dxe5 dxe5 14. Bxb5 Qb6 15. Bc4 f6 16. Na4 Qc7 17. Qb4 Bg4 18. Qd6 Qa5 19. b3 f5 20. Qc5 Qc7 21.
Nc3 f4 22. exf4 Nxf4 23. Nxe5 Bxd1 24. Rxd1 Neg6 25. Nxg6+ Nxg6 26. Qe3 Qe5 27. Ne2 Rae8 28. Bd3 a5 29. g3 Qh5 30. Rf1 Ne5 31. Nf4 Qh6 32. Qe2 g5 33. Nh5 Rxf1+ 34. Kxf1 Rf8+ 35.
Ke1 Nf3+ 36. Kd1 Qxh5 37. Kc1 Qxh2 38. Qe3 Qg1+ 0-1

[Event "Early-Titled-Tuesday-Blitz-March-26-2024"]
[Site "Chess.com"]
[Date "2024.03.26"]
[Round "5"]
[White "VladimirKramnik"]
[Black "amiralfio"]
[Result "1-0"]
[WhiteElo "3000"]
[BlackElo "2746"]
[TimeControl "180+1"]
[EndTime "8:54:06 PDT"]
[Termination "VladimirKramnik won on time"]

1. e4 e6 2. d4 d5 3. exd5 exd5 4. Nf3 Nc6 5. Nc3 Nf6 6. Bb5 Bd6 7. Bg5 Be6 8. Ne5 O-O 9. Nxc6 bxc6 10. Bxc6 Rb8 11. O-O Rxb2 12. h3 h6 13. Bxf6 Qxf6 14. Bxd5 Rd8 15.
Bxe6 Qxe6 16. Qd3 c5 17. Rfe1 Qg6 18. Qxg6 fxg6 19. dxc5 Bxc5 20. Re2 Kh7 21. Na4 Rb5 22. c4 Ra5 23. Nxc5 Rxc5 24. Rc1 Rb8 25. g3 Rb4 26.
Rec2 a5 27. h4 g5 28. hxg5 hxg5 29. Kf1 a4 30. Ke2 Kg6 31. Kd3 Rb7 32. Kd4 Rbc7 33. Rb1 Rf5 34. Rb6+ Kh7 35. c5 Rd7+ 36. Rd6 1-0

[Event "Early-Titled-Tuesday-Blitz-March-26-2024"]
[Site "Chess.com"]
[Date "2024.03.26"]
[Round "5"]
[White "ChristopherYoo"]
[Black "SAInt_666"]
[Result "1-0"]
[WhiteElo "2970"]
[BlackElo "2735"]
[TimeControl "180+1"]
[EndTime "8:54:06 PDT"]
[Termination "ChristopherYoo won on time"]

1. d4 Nf6 2. c4 e6 3. Nc3 Bb4 4. e3 O-O 5. Bd3 d5 6. cxd5 exd5 7. a3 Bd6 8. Qc2 c6 9. Nge2 a5 10. Bd2 Re8 11. f3 Na6 12. e4 dxe4 13. fxe4 c5 14. e5 cxd4 15. exf6 dxc3 16. Bxh7+ Kh8 17. fxg7+ Kxg7 18. Bxc3+ Be5 19. O-O Qg5 20. Bf5 Qe3+ 21. Kh1 Bxc3 22.
Nxc3 Rh8 23. Bxc8 Raxc8 24. Rf3 Qe5 25. h3 Rc6 26. Raf1 f6 27. Rf5 Qg3 28. Qe4 Nc7 29.
R1f4 Kf7 30. Rf3 Qd6 31. Rd3 Qe6 32. Qxe6+ Rxe6 33. Rd7+ Re7 34. Rxe7+ Kxe7 35. Rxa5 Rd8 36. Ra7 Rb8 37. b4 Kd6 38. Ne4+ Kc6 39. Nxf6 b5 40. a4 Rf8 41. axb5+ Nxb5 42. Ra1 Nd6 43. Ra6+ Kc7 44.
Nd5+ Kd7 45. Kg1 Ne4 46. b5 Rf5 47. Ra7+ Kd6 48. Nc7 Rf7 49. Ne8+ 1-0

[Event "Early-Titled-Tuesday-Blitz-March-26-2024"]
[Site "Chess.com"]
[Date "2024.03.26"]
[Round "5"]
[White "Kazmin_Semyon"]
[Black "Kirill_Klukin"]
[Result "1-0"]
[WhiteElo "2594"]
[BlackElo "2830"]
[TimeControl "180+1"]
[EndTime "8:54:07 PDT"]
[Termination "Kazmin_Semyon won by resignation"]

1. e4 c5 2. Nf3 g6 3. d4 cxd4 4.
Nxd4 Bg7 5. Nc3 Nc6 6. Be3 Nf6 7. Bc4 O-O 8. Bb3 Re8 9. f3 e6 10. f4 e5 11. fxe5 Nxe5 12. O-O Neg4 13. Bg5 h6 14. Bh4 Ne3 15. Qf3 Nxf1 16. Rxf1 g5 17. Nf5 d5 18. Nxg7 Kxg7 19. Nxd5 Nxd5 20. Qxf7+ Kh8 21.
Bxd5 Be6 22. Bxe6 Qb6+ 23. Bf2 Qxb2 24. Qg6 Qg7 25. Qxg7+ Kxg7 26. Bd4+ Kh7 27. Rf7+ Kg8 28. Bd5 Rad8 29. Rg7+ Kf8 30. Rxb7 Rxe4 31. Bg7+ Ke8 32.
Bc6+ Rd7 33. Bxd7+ Kd8 34. Bf6+ 1-0

[Event "Early-Titled-Tuesday-Blitz-March-26-2024"]
[Site "Chess.com"]
[Date "2024.03.26"]
[Round "5"]
[White "JosefineHeinemann"]
[Black "Mikhail_Golubev"]
[Result "0-1"]
[WhiteElo "2511"]
[BlackElo "2716"]
[TimeControl "180+1"]
[EndTime "8:54:07 PDT"]
[Termination "Mikhail_Golubev won by resignation"]

1. c4 g6 2. Nc3 Bg7 3. Nf3 e5 4. d3 Nc6 5. g3 d6 6. Bg2 f5 7. O-O h6 8. Rb1 a5 9. a3 g5 10. b4 axb4 11. axb4 e4 12. dxe4 Bxc3 13. exf5 Bxf5 14.
Rb3 Bf6 15. b5 Na5 16. Re3+ Ne7 17. Nd4 Qd7 18. Nxf5 Qxf5 19. Be4 Qd7 20. Qd3 O-O 21. Rf3 Bg7 22. Rxf8+ Rxf8 23. f4 c6 24. fxg5 Rxf1+ 25. Kxf1 d5 26. cxd5 cxd5 27. Bh7+ Kh8 28. gxh6 Qh3+ 29.
Kg1 Bxh6 30. Bb2+ Bg7 31. Bxg7+ Kxg7 32. Qc3+ Kf7 33. Qxa5 Qxh7 34. Qc7 Qb1+ 35. Kg2 Qxb5 36. Kf2 Qc6 37. Qd8 b5 38. Qh8 Qf6+ 0-1

[Event "Early-Titled-Tuesday-Blitz-March-26-2024"]
[Site "Chess.com"]
[Date "2024.03.26"]
[Round "5"]
[White "DenLaz"]
[Black "KuzubovYuriy"]
[Result "1/2-1/2"]
[WhiteElo "3088"]
[BlackElo "2924"]
[TimeControl "180+1"]
[EndTime "8:54:08 PDT"]
[Termination "Game drawn by repetition"]

1. d4 d5 2. c4 e6 3. Nf3 Nf6 4. g3 Be7 5. Bg2 O-O 6. O-O dxc4 7. Qc2 a6 8. a4 Bd7 9. Qxc4 Bc6 10.
Bg5 Bd5 11. Qc2 Be4 12. Qc1 h6 13. Bxf6 Bxf6 14. Nbd2 Bxf3 15. Nxf3 Nc6 16. e3 Nb4 17.
Rd1 a5 18. Nd2 c6 19. Nc4 Qe7 20. Qd2 Rfd8 21. Qe2 g6 22. Rac1 Bg7 23. b3 h5 24. Rd2 e5 25. dxe5 Rxd2 26. Qxd2 Bxe5 27. Rd1 Bc7 28. Qd7 Qxd7 29. Rxd7 Na6 30. Bf1 Kf8 31.
Be2 Rd8 32. Rxd8+ Bxd8 33. Kf1 Nc5 34. Bd1 Ke7 35. Bc2 Bc7 36. Ke2 Na6 37. f4 Nb4 38. Bb1 Nd5 39. Kf3 b5 40. Nd2 Nc3 41. Bc2 Bd6 42.
Ne4 Nxe4 43. Bxe4 bxa4 44. bxa4 c5 45. Bd5 f6 46. h4 Kf8 47. Ke2 f5 48. Kd3 c4+ 49. Bxc4 Bc5 50. Ke2 Ke7 51. Kf3 Kf6 52. Bd3 Bb6 53. e4 fxe4+ 54. Bxe4 Bc5 55. g4 hxg4+ 56.
Kxg4 Bb4 57. f5 gxf5+ 58. Bxf5 Kg7 59. h5 Kh8 60. Bd7 Bc3 61. Bb5 Bb4 62. Bc4 Bc3 63.
Bb5 Bb4 64. Bc4 Bc3 65. Bb5 1/2-1/2

[Event "Early-Titled-Tuesday-Blitz-March-26-2024"]
[Site "Chess.com"]
[Date "2024.03.26"]
[Round "5"]
[White "theoneandonlydaaevik"]
[Black "Kacparov"]
[Result "0-1"]
[WhiteElo "2539"]
[BlackElo "2887"]
[TimeControl "180+1"]
[EndTime "8:54:08 PDT"]
[Termination "Kacparov won on time"]

1. Nf3 d5 2. g3 c6 3. Bg2 Bg4 4. O-O Nd7 5. h3 Bxf3 6. Bxf3 e6 7. d3 Ngf6 8. c4 Bd6 9. cxd5 exd5 10. Nc3 O-O 11.
e4 dxe4 12. dxe4 Qc7 13. Bg2 Rad8 14. Qc2 Rfe8 15. Kh2 h5 16. f4 h4 17. e5 Nxe5 18. fxe5 Bxe5 19. Kh1 Nh5 20. Ne2 Bxg3 21. Bf3 Nf6 22.
Nxg3 Qxg3 23. Bg2 Nd5 24. Qf5 Re7 25. Qg5 Rde8 26. Qxg3 hxg3 27. Bxd5 cxd5 28. Bf4 Re2 29. Bxg3 R8e3 30. Rg1 Rxb2 31. Rad1 Rb5 32. Kh2 Kh7 33. Rg2 a5 34. Bf2 Re4 35. Bd4 f6 36. Rdg1 Re7 37.
a4 Rb3 38. Bc5 Rf7 39. Rd2 b6 40. Bd6 Rd7 41. Rxd5 Kg8 42. Rgd1 Rb2+ 43. Kh1 Ra2 44. Bb8 Rb7 0-1

[Event "Early-Titled-Tuesday-Blitz-March-26-2024"]
[Site "Chess.com"]
[Date "2024.03.26"]
[Round "5"]
[White "Joachim100x"]
[Black "CarlosjPineror"]
[Result "0-1"]
[WhiteElo "2517"]
[BlackElo "2760"]
[TimeControl "180+1"]
[EndTime "8:54:08 PDT"]
[Termination "CarlosjPineror won by resignation"]

1. d4 Nf6 2. Nc3 d5 3. Bg5 c5 4. e3 Nc6 5. Nf3 cxd4 6. exd4 Bg4 7. Be2 e6 8. O-O Be7 9. Ne5 Bxe2 10. Nxe2 O-O 11. Nxc6 bxc6 12. c3 c5 13. Re1 Ne4 14. Bxe7 Qxe7 15. dxc5 Qxc5 16. Qd4 Rab8 17. Rab1 Qxd4 18.
Nxd4 Nd2 19. Rbd1 Rxb2 20. Re2 Nc4 21. Rxb2 Nxb2 22. Rb1 Na4 23. Rb7 Nxc3 24. Rxa7 Rb8 25. g3 g6 26. Nc6 Rb1+ 27. Kg2 Rb2 28. Nd8 Rxa2 29. Rxf7 Ne4 30. Rf3 Ng5 31. Rb3 Ra8 32. Nc6 Kg7 33. h4 Ne4 34. Nd4 Ra6 35. g4 h6 36. f3 Ra2+ 37. Kg1 Nc5 38. Rc3 Rd2 39.
Rxc5 Rxd4 40. Rc7+ Kf6 41. Rh7 h5 42. gxh5 Rxh4 43.
hxg6 Rxh7 44. gxh7 Kg7 45. Kf2 Kxh7 46. Ke3 e5 47. f4 e4 48. Kd4 Kg6 0-1

[Event "Early-Titled-Tuesday-Blitz-March-26-2024"]
[Site "Chess.com"]
[Date "2024.03.26"]
[Round "5"]
[White "Aslanov_Umid"]
[Black "SuperJesus88"]
[Result "1-0"]
[WhiteElo "2626"]
[BlackElo "2465"]
[TimeControl "180+1"]
[EndTime "8:54:09 PDT"]
[Termination "Aslanov_Umid won by resignation"]

1. e4 d6 2. d4 Nf6 3. Nc3 e5 4. Nf3 Nbd7 5. h3 Be7 6. Be3 c6 7. a4 Rb8 8. Bc4 O-O 9. O-O b6 10. Qd2 a6 11. b4 b5 12. axb5 axb5 13. Bb3 Qc7 14. Rfd1 Nb6 15. d5 Nc4 16. Bxc4 bxc4 17. dxc6 Qxc6 18. b5 Qe8 19. Qe2 Be6 20. Ng5 Qc8 21.
Ra7 Re8 22. Nxe6 Qxe6 23. Nd5 Nxd5 24. Rxd5 Rec8 25. b6 Bd8 26. b7 Rc7 27. Bb6 Rd7 28. Bxd8 Rdxd8 29. Qxc4 h5 30. Qa6 Qg6 31. Ra8 Qxe4 32. Rxb8 Rxb8 33. Qa7 Qxd5 34. Qxb8+ Kh7 35. Qa7 Qd1+ 36. Kh2 Qc1 37. Qe3 Qb2 38. Qb3 Qd4 39.
b8=Q Qf4+ 40. Qg3 1-0

[Event "Early-Titled-Tuesday-Blitz-March-26-2024"]
[Site "Chess.com"]
[Date "2024.03.26"]
[Round "5"]
[White "ChessLover0108"]
[Black "suyu28"]
[Result "1-0"]
[WhiteElo "2967"]
[BlackElo "2849"]
[TimeControl "180+1"]
[EndTime "8:54:10 PDT"]
[Termination "ChessLover0108 won by resignation"]

1. Nf3 Nf6 2. c4 e6 3. d4 b6 4. g3 Ba6 5. b3 Bb4+ 6. Bd2 Be7 7. Nc3 d5 8. cxd5 exd5 9. Bg2 O-O 10. O-O Re8 11. Rc1 Ba3 12. Rc2 Nbd7 13. h4 Bd6 14. Re1 Rc8 15. Bc1 c6 16. Bb2 Qe7 17. Nd2 Qf8 18. e4 dxe4 19. Ndxe4 Nxe4 20. Nxe4 Bb4 21. Re3 f5 22. Ng5 Rxe3 23. fxe3 Qd6 24. Qh5 h6 25. Qf7+ Kh8 26. Ne6 Rg8 27. Qg6 Bb7 28. d5 Ne5 29. Qxf5 Nd7 30. Qg6 Ne5 31. Qh5 Nf7 32. Qxf7 Qxg3 33. Bxg7+ Rxg7 34. Qxg7+ Qxg7 35. Nxg7 Kxg7 36. dxc6 Bc8 37. a3 Bc5 38. Kf2 Bxa3 39. Ra2 Bc5 40. Rxa7+ Kf6 41. Ra8 Be6 42. c7 b5 43. c8=Q Bxc8 44. Rxc8 Bd6 45. Rc6 Ke5 46. Ke2 b4 47. h5 Be7 48. Bh3 Bd6 49. Kd3 Kd5 50. Rxd6+ Kxd6 51. Kd4 Kc6 52. e4 Kb5 53. e5 Ka5 54. Kc5 Ka6 55. e6 Kb7 56. e7 Kc7 57. e8=Q Kb7 58. Bg2+ Kc7 59. Qe7+ 1-0

[Event "Early-Titled-Tuesday-Blitz-March-26-2024"]
[Site "Chess.com"]
[Date "2024.03.26"]
[Round "5"]
[White "lukazz029"]
[Black "leoduarte"]
[Result "0-1"]
[WhiteElo "2009"]
[BlackElo "2412"]
[TimeControl "180+1"]
[EndTime "8:54:10 PDT"]
[Termination "leoduarte won by resignation"]

1. e4 c5 2. Nf3 e6 3. d4 cxd4 4.
Nxd4 Nc6 5. c4 Nf6 6. Nc3 Bb4 7.
f3 d5 8. cxd5 exd5 9. Bb5 Bd7 10.
exd5 Nxd5 11. Qe2+ Kf8 12. Nxc6 bxc6 13. Bc4 Nxc3 14.
bxc3 Bxc3+ 15. Kf2 Bxa1 16. Ba3+ Kg8 17. Rxa1 Qb6+ 18.
Kf1 Re8 19. Qd3 Be6 20. Re1 h6 21. Re2 Qd8 22. Qxd8 Rxd8 23. Bxe6 fxe6 24. Rxe6 Rd7 25. Rxc6 Kh7 26. Bb2 Rb8 27. Bc3 Rb1+ 28. Kf2 Rc1 29. Kg3 Rd3 30. Rc7 Rdxc3 31. Rxa7 R1c2 32. a4 Ra3 33. a5 Raa2 34. a6 Rxg2+ 35. Kf4 Rgb2 0-1

[Event "Early-Titled-Tuesday-Blitz-March-26-2024"]
[Site "Chess.com"]
[Date "2024.03.26"]
[Round "5"]
[White "Viktor_Poddubnyi"]
[Black "ragnaroek66"]
[Result "0-1"]
[WhiteElo "2329"]
[BlackElo "2524"]
[TimeControl "180+1"]
[EndTime "8:54:10 PDT"]
[Termination "ragnaroek66 won on time"]

1. e4 c5 2. Nf3 Nc6 3. d4 cxd4 4. Nxd4 Nf6 5. Nc3 d6 6. Bc4 Qb6 7. Ndb5 Na5 8. Be3 Qd8 9. Bd3 a6 10. Nd4 e6 11. O-O Qc7 12. Qe2 Be7 13. f4 O-O 14. Kh1 b5 15. a4 b4 16. Nb1 Bb7 17. Nd2 Rfe8 18. f5 e5 19. N4b3 d5 20. Bg5 Nxb3 21. cxb3 Qb6 22. Bxf6 Bxf6 23. exd5 Bxd5 24. Be4 Rad8 25. Nc4 Qb7 26. Rfe1 Bg5 27. h3 Bf4 28.
Qf3 Bxe4 29. Rxe4 Qd5 30. Rae1 f6 31. Qxf4 exf4 32. Rxe8+ Rxe8 33. Rxe8+ Kf7 34. Re2 f3 0-1

[Event "Early-Titled-Tuesday-Blitz-March-26-2024"]
[Site "Chess.com"]
[Date "2024.03.26"]
[Round "5"]
[White "DucksParadise"]
[Black "kyuotbi"]
[Result "1-0"]
[WhiteElo "2482"]
[BlackElo "2290"]
[TimeControl "180+1"]
[EndTime "8:54:11 PDT"]
[Termination "DucksParadise won by resignation"]

1. e4 e5 2. Nf3 Nc6 3. Nc3 Nf6 4. Bb5 Bb4 5. Nd5 Nxd5 6. exd5 Nd4 7. Nxd4 exd4 8.
O-O O-O 9. c3 Bd6 10. Qf3 c6 11. Bd3 Qh4 12. g3 Qg5 13. cxd4 cxd5 14. Re1 b6 15. h4 Qf6 16. Qxd5 Rb8 17. Qf5 Qxf5 18.
Bxf5 g6 19. Bd3 Bb7 20. b3 Rfe8 21. Bb2 Bb4 22. Bc3 Bd6 23. Re3 Rbc8 24. Rae1 Rxe3 25. Rxe3 a6 26. a4 a5 27. Bc4 Bc6 28. d5 Bxa4 29. bxa4 Rxc4 30. Re8+ Bf8 31. Bf6 h6 32. Be7 Re4 33.
Rxf8+ Kg7 34. Bd6 Rxa4 35. Rb8 Ra1+ 36. Kg2 Rb1 37. Bc7 b5 38. Bxa5 Kf6 39. Bc3+ Ke7 40. Rb6 d6 41. Rb7+ 1-0

[Event "Early-Titled-Tuesday-Blitz-March-26-2024"]
[Site "Chess.com"]
[Date "2024.03.26"]
[Round "5"]
[White "FairChess_on_YouTube"]
[Black "sokidze"]
[Result "1-0"]
[WhiteElo "3126"]
[BlackElo "2787"]
[TimeControl "180+1"]
[EndTime "8:54:12 PDT"]
[Termination "FairChess_on_YouTube won by resignation"]

1. Nf3 d5 2. g3 Nf6 3. Bg2 e6 4.
O-O Be7 5. d3 O-O 6. a4 c5 7.
Bf4 Nc6 8. e4 Nh5 9. Bd2 Nf6 10.
Re1 b6 11. e5 Nd7 12. Bf4 g5 13. Bc1 g4 14. Nfd2 Ndxe5 15. Nc3 Bf6 16. Ne2 Ng6 17.
f4 gxf3 18. Nxf3 e5 19. Nc3 Be6 20. a5 Bg7 21. Ng5 h6 22. Nxe6 fxe6 23. Qh5 Nce7 24.
Bxh6 Rf5 25. Qh3 bxa5 26. Ra4 Qb6 27. Rg4 c4+ 28. Kh1 Qxb2 29. Nxd5 exd5 30. Rxg6 Nxg6 31. Qxf5 Qb4 32. Rf1 Kh7 33. Bxg7 Kxg7 34. Qf7+ Kh6 35.
Rf6 Qe1+ 36. Bf1 1-0

[Event "Early-Titled-Tuesday-Blitz-March-26-2024"]
[Site "Chess.com"]
[Date "2024.03.26"]
[Round "5"]
[White "GMG"]
[Black "Payyappat"]
[Result "1-0"]
[WhiteElo "2788"]
[BlackElo "2533"]
[TimeControl "180+1"]
[EndTime "8:54:12 PDT"]
[Termination "GMG won by resignation"]

1. Nf3 Nf6 2. c4 c5 3. d4 e6 4. Nc3 cxd4 5. Nxd4 Nc6 6. g3 Qb6 7. Nb3 Ne5 8. Bg2 Nxc4 9. O-O d5 10. e4 dxe4 11. Qe2 Nd6 12. Bf4 Bd7 13. Rfd1 Rd8 14. Be3 Qc7 15. Rac1 Bc6 16. Bf4 Be7 17. Nxe4 Nfxe4 18. Bxe4 O-O 19. Nd4 Qb6 20. Bxc6 Bf6 21. Nxe6 fxe6 22.
Bxd6 bxc6 23. Bxf8 Rxf8 24. Qxe6+ Kh8 25. Qxc6 Qxb2 26.
Rc2 Qa3 27. Re1 Be7 28. Re3 Qb4 29. Rce2 Bc5 30. Re8 h6 31. Rxf8+ Bxf8 32. Qe4 Qa3 33. Kg2 a5 34. Qf3 Qb4 35. Re8 Kg8 36. a4 Qc5 37.
Qxf8+ Qxf8 38. Rxf8+ Kxf8 39. Kf3 Ke7 40. Ke4 Kd6 41.
Kd4 Ke6 42. Kc5 Ke5 43. Kb5 Ke4 44. Kxa5 1-0

[Event "Early-Titled-Tuesday-Blitz-March-26-2024"]
[Site "Chess.com"]
[Date "2024.03.26"]
[Round "5"]
[White "Juicy_Fork"]
[Black "ChessQueen"]
[Result "1-0"]
[WhiteElo "2529"]
[BlackElo "2730"]
[TimeControl "180+1"]
[EndTime "8:54:12 PDT"]
[Termination "Juicy_Fork won by resignation"]

1. e4 c6 2. d4 d5 3. f3 e6 4. Nc3 Bb4 5. Bd2 Ne7 6. Qe2 c5 7. exd5 exd5 8. dxc5 O-O 9. O-O-O Nbc6 10. a3 Bxc5 11.
Be3 d4 12. Ne4 Bb6 13. Bf2 Qd5 14. Qc4 Qf5 15. Ng3 Qf4+ 16. Kb1 Be6 17. Qd3 Qe5 18. Qe4 Rad8 19. Bd3 Qxe4 20. Bxe4 Nd5 21. N1e2 d3 22. Bxb6 dxe2 23. Rxd5 Rxd5 24. Bxd5 Bxd5 25. Bf2 Re8 26. Re1 Bc4 27. b3 Ba6 28. c4 b5 29. Rxe2 Rxe2 30.
Nxe2 bxc4 31. b4 Bc8 32. b5 Ne5 33. Bxa7 Nd3 34. Bd4 f6 35. a4 Bd7 36. Nc3 Kf7 37. a5 Ke6 38. a6 Bc8 39. Na4 Kd6 40. Nb6 Bf5 41. Ka2 Nb4+ 42. Kb2 Nxa6 43. bxa6 1-0

[Event "Early-Titled-Tuesday-Blitz-March-26-2024"]
[Site "Chess.com"]
[Date "2024.03.26"]
[Round "5"]
[White "a-z30"]
[Black "Yuruultei"]
[Result "1-0"]
[WhiteElo "2440"]
[BlackElo "2237"]
[TimeControl "180+1"]
[EndTime "8:54:12 PDT"]
[Termination "a-z30 won by resignation"]

1. d3 Nf6 2. Nf3 g6 3. g3 Bg7 4.
Bg2 O-O 5. O-O d6 6. c4 e5 7. Nc3 c6 8. Rb1 Bg4 9. h3 Bd7 10. b4 Re8 11. Qc2 d5 12. Bg5 Qc8 13. Kh2 h6 14.
Bxf6 Bxf6 15. cxd5 cxd5 16. Rfc1 Qc6 17. Nd2 Be6 18.
Nce4 dxe4 19. Nxe4 Bg7 20. Nf6+ Bxf6 21. Bxc6 Nxc6 22.
e3 Rac8 23. b5 Nd4 24. Qd1 Rxc1 25. Rxc1 Nxb5 26. a4 Nd6 27. Rc7 Rc8 28. Qc2 Rd8 29. Qc5 Kg7 30. Qxa7 Nf5 31. Rc3 e4 32. d4 h5 33.
Qxb7 Nd6 34. Qb6 h4 35. g4 Ne8 36. Rc6 Bd5 37. Rxf6 Nxf6 38. Qxd8 1-0

[Event "Early-Titled-Tuesday-Blitz-March-26-2024"]
[Site "Chess.com"]
[Date "2024.03.26"]
[Round "5"]
[White "eljanov"]
[Black "HansOnTwitch"]
[Result "0-1"]
[WhiteElo "2911"]
[BlackElo "3120"]
[TimeControl "180+1"]
[EndTime "8:54:13 PDT"]
[Termination "HansOnTwitch won by resignation"]

1. d4 Nf6 2. Bf4 d5 3. e3 c5 4. Nf3 Nc6 5. Nbd2 e6 6. c3 Nh5 7.
Bg5 f6 8. Bh4 g6 9. Rc1 Bd7 10.
Be2 cxd4 11. cxd4 Be7 12. O-O Ng7 13. g4 h5 14. h3 hxg4 15. hxg4 e5 16. dxe5 fxe5 17.
Bg3 e4 18. Ne5 Nxe5 19. Bxe5 Bf6 20. Bg3 Bh4 21. Qb3 Bxg3 22. fxg3 Bc6 23. Kg2 Qd7 24. Qc3 O-O-O 25. Bb5 Kc7 26. Qe5+ Kb6 27. Bxc6 bxc6 28.
Rf6 Rc8 29. Rxg6 Rh7 30. Nb3 Rch8 31. Qd4+ Kb7 32. Nc5+ Ka8 33. Rg1 Rh2+ 34. Kf1 Rf8+ 35. Rf6 Qe7 36. g5 Nh5 37. Qe5 Qxc5 0-1

[Event "Early-Titled-Tuesday-Blitz-March-26-2024"]
[Site "Chess.com"]
[Date "2024.03.26"]
[Round "5"]
[White "tusplingher"]
[Black "Aleksandar-Topalov"]
[Result "0-1"]
[WhiteElo "2497"]
[BlackElo "2354"]
[TimeControl "180+1"]
[EndTime "8:54:13 PDT"]
[Termination "Aleksandar-Topalov won on time"]

1. e4 e6 2. d4 d5 3. Nc3 Bb4 4.
Ne2 Nf6 5. e5 Ng8 6. a3 Be7 7. f4 g6 8. Be3 h5 9. Qd2 b6 10. g3 Ba6 11. h4 Nh6 12. Bh3 c5 13. Kf2 Nc6 14. Rhd1 Nf5 15. Bxf5 gxf5 16. Rh1 Rg8 17.
Rad1 Rg4 18. a4 Qd7 19. Nb5 cxd4 20. Nexd4 Nxd4 21. Nxd4 Bc5 22. b4 Bxd4 23. Bxd4 Qxa4 24. Ra1 Qb5 25. Ra3 Bb7 26. Rha1 a6 27. Rc3 Rc8 28.
Rxc8+ Bxc8 29. Qc3 Kd7 30. Rd1 Bb7 31. Be3 Rg8 32.
Qd4 Rc8 33. Rd2 Rc6 34. c3 a5 35. bxa5 bxa5 36. Ra2 Ba6 37. Qd1 Rxc3 38. Bd4 Rd3 39. Rd2 Rb3 40. Be3 Rb1 41. Qe2 Rf1+ 0-1

[Event "Early-Titled-Tuesday-Blitz-March-26-2024"]
[Site "Chess.com"]
[Date "2024.03.26"]
[Round "5"]
[White "rionelG"]
[Black "Herzog2012"]
[Result "0-1"]
[WhiteElo "2200"]
[BlackElo "2531"]
[TimeControl "180+1"]
[EndTime "8:54:13 PDT"]
[Termination "Herzog2012 won on time"]

1. e4 c5 2. Nf3 d6 3. d4 cxd4 4. Nxd4 Nf6 5. Nc3 Nc6 6. Nd5 Nxd5 7. exd5 Qa5+ 8. Bd2 Qxd5 9. Nb5 Qe6+ 10. Be2 Qd7 11. c4 e6 12. Bf4 e5 13. Be3 Be7 14. O-O O-O 15. Qd2 f5 16. f4 Rd8 17. Rfd1 Bf6 18.
Rac1 Qe7 19. Nxd6 exf4 20. Bc5 Bd4+ 21. Bxd4 Rxd6 22. Bf3 Rxd4 23. Qc2 Qe3+ 24. Kh1 Rxd1+ 25. Rxd1 Nd4 26. Qa4 Nxf3 27. Rd8+ Kf7 28. gxf3 Qxf3+ 29. Kg1 Qe3+ 30. Kh1 f3 31. Rd1 f2 32. Kg2 Qe2 33.
Qb3 Be6 0-1